 Dungeon Crawl Stone Soup version 0.28-a0-938-gbc3f381ebc (webtiles) character file.

Game seed: 4438135689431086209

40 AlleluiaPinecone the Ruffian (level 3, 0/33 HPs)
             Began as a Ghoul Monk on Nov 29, 2021.
             Slain by Terence (5 damage)
             ... on level 2 of the Dungeon.
             The game lasted 00:02:15 (1308 turns).

AlleluiaPinecone the Ruffian (Ghoul Monk)           Turns: 1308, Time: 00:02:15

Health: 0/33       AC:  6    Str: 14    XL:     3   Next: 50%
Magic:  2/2        EV: 10    Int:  5    God:
Gold:   99         SH:  0    Dex: 12    Spells: 2/2 levels left

rFire   . . .      SeeInvis .     - Unarmed
rCold   + . .      Faith    .   (no shield)
rNeg    + + +      Spirit   .   k - +0 scale mail
rPois   ∞          Reflect  .   (no helmet)
rElec   .          Harm     .   (no cloak)
rCorr   .          Rampage  .   (no gloves)
Will    .....                   (no boots)
Stlth   +.........              (no amulet)
HPRegen 0.00/turn               (no ring)
MPRegen 0.08/turn               (no ring)

@: inhibited regen
A: claws 1, cold resistance 1, negative energy resistance 3, inhibited
regeneration, torment resistance 2
a: no special abilities


You were on level 2 of the Dungeon.
You visited 1 branch of the dungeon, and saw 2 of its levels.

You collected 99 gold pieces.

Inventory:

Missiles
 b - 64 stones (quivered)
 c - 16 bolts
 e - 16 sling bullets
Armour
 a - a +0 robe
 k - a +0 scale mail (worn)
Scrolls
 d - a scroll of noise {unknown}
 i - 2 scrolls of identify {unknown}
 j - a scroll of fear {unknown}
Potions
 h - a potion of curing {unknown}


   Skills:
 + Level 3.7 Fighting
 + Level 3.0 Dodging
 + Level 2.5 Stealth
 + Level 4.1 Unarmed Combat


You had 2 spell levels left.
You didn't know any spells.
Your spell library contained the following spells:

 Spells                   Type           Power      Damage    Failure   Level
 Call Canine Familiar     Summ           0%         N/A       100%        3
 Portal Projectile        Hex/Tloc       0%         N/A       100%        3
 Leda's Liquefaction      Hex/Erth       0%         N/A       100%        4


Dungeon Overview and Level Annotations

Branches:
Dungeon (2/15)

Altars:

Annotations:
D:2 Terence


Innate Abilities, Weirdness & Mutations

You thrive by killing the living.
You are immune to poison.
You have sharp fingernails.
Your flesh is cold resistant. (rC+)
You are immune to negative energy. (rN+++)
You do not regenerate when monsters are visible.
You are immune to unholy pain and torment.


Message History

You barely miss Terence.
Terence is lightly wounded.
Terence hits you but does no damage.
You scratch Terence but do no damage.
Terence is lightly wounded.
Terence hits you with a +0 flail.
You closely miss Terence.
Terence is lightly wounded.
Terence barely misses you.
You scratch Terence but do no damage.
Terence is lightly wounded.
Terence hits you with a +0 flail.
You scratch Terence but do no damage.
Terence is lightly wounded.
Terence hits you with a +0 flail!
You closely miss Terence.
Terence is lightly wounded.
Terence hits you with a +0 flail.
* * * LOW HITPOINT WARNING * * *
You closely miss Terence.
Terence is lightly wounded.
Terence barely misses you.
You scratch Terence.
Terence is heavily wounded.
Terence screams, "I'm going to kill you!"
Terence barely misses you.
You scratch Terence but do no damage.
Terence is heavily wounded.
Terence hits you with a +0 flail.
* * * LOW HITPOINT WARNING * * *
You scratch Terence but do no damage.
Terence is heavily wounded.
Terence closely misses you.
You claw Terence!
Terence is almost dead.
Terence barely misses you.
You closely miss Terence.
Terence is almost dead.
Terence hits you with a +0 flail.
You die...

# #.............# ≈#
#.####.######## ≈# #.#
#.# ≈#####.# #†#
≈≈88...####.###
..............# .#
........############..#.
≈≈88....................
≈≈≈.............@@.#
≈≈≈.###.........##.#
≈≈≈.........###.# #
≈≈≈≈#######.# ....
≈≈≈≈........^#..###
≈≈≈≈#.#####..#..#
≈≈≈≈#.# #..#..# ≈≈≈≈≈.#
#..#..# ≈≈≈≈≈.# #<.#..#


You could see Terence.

Vanquished Creatures
  2 dart slugs (D:1)
  4 ball pythons
  3 endoplasms
  A giant cockroach (D:1)
  4 goblins
  4 hobgoblins
  2 jackals (D:1)
  2 kobolds
  4 quokkas
  A bat (D:1)
  A frilled lizard (D:2)
  3 rats (D:1)
31 creatures vanquished.

Notes
Turn   | Place    | Note
-------+----------+-------------------------------------------
     0 | D:1      | AlleluiaPinecone the Ghoul Monk began the quest for the
                  | Orb.
     0 | D:1      | Reached XP level 1. HP: 19/19 MP: 0/0
    87 | D:1      | Reached XP level 2. HP: 23/26 MP: 1/1
   550 | D:1      | Found a faded altar of an unknown god.
   565 | D:1      | Reached XP level 3. HP: 22/31 MP: 2/2
  1062 | D:2      | Reached skill level 4 in Unarmed Combat
  1290 | D:2      | Noticed Terence
  1308 | D:2      | Slain by Terence

Illustrated notes

Levels and vault maps discovered:
D:1:      minmay_arrival_hallway, layout_rooms, shapermc_ecumenical_altar_venn,
          serial_park_tiny_pond
D:2:      wander_river, layout_basic, uniq_terence

Skill      XL: |  1  2  3 |
---------------+----------+-----
Dodging        | 3 |  3.0
Unarmed Combat | 4 |  4.1
Fighting       | |  3.7
Stealth        | |  2.5

Action                   || total
-------------------------++-------
Melee: Unarmed           ||    93
       Punch             ||     1
  Use: Potion            ||     1
 Stab: Sleeping          ||     5
Armor: Robe              ||     8
       Scale mail        ||     3
Dodge: Dodged            ||    31

Table legend: (Time is in decaauts)
 A = Elapsed time spent in this place.
 B = Non-inter-level travel time spent in this place.
 C = Inter-level travel time spent in this place.
 D = Time resting spent in this place.
 E = Time spent auto-exploring this place.
 F = Levels seen in this place.
 G = Mean time per level.
                   A        B        C        D        E       F      G
               +--------+--------+--------+--------+--------+-----+--------+
         Total |   1330 |   1324 |      6 |      0 |   1070 |   2 |  665.0 |
       Dungeon |   1330 |   1324 |      6 |      0 |   1070 |   2 |  665.0 |
               +--------+--------+--------+--------+--------+-----+--------+

Top non-repeatable levels by time:
     D:1: 873 daAuts
     D:2: 456 daAuts
